 Dungeon Sprint DCSS version 0.27.1-1-g398f81649c (webtiles) character file.

Game seed: 9335426646526573644

2179 styxcanada the Unseen (level 9, -12/48 HPs)
             Began as a Spriggan Brigand on Sept 19, 2021.
             Was an Initiate of Gozag.
             Killed from afar by an oklob plant (15 damage)
             ... with a splash of acid
             ... in the Dungeon (Sprint IV: "Fedhas' Mad Dash").
             The game lasted 00:06:44 (1025 turns).

styxcanada the Unseen (Spriggan Brigand)            Turns: 1025, Time: 00:06:45

Health: -12/48     AC:  1    Str: 17    XL:     9   Next: 11%
Magic:  9/10       EV: 24    Int: 12    God:    Gozag
Gold:   725        SH:  7    Dex: 20    Spells: 8/8 levels left

rFire    + . .     SeeInvis +   t - +9 scimitar of Tarchaext {venom, Str+4}
rCold    x . .     Faith    .   g - +0 buckler
rNeg     . . .     Spirit   .   m - +2 robe {Will+}
rPois    +         Reflect  .   (helmet restricted)
rElec    .         Harm     .   c - +0 cloak
rCorr    .         Rampage  .   (gloves unavailable)
Will     ++...     NoTele   +   (boots unavailable)
Stlth    ++++++++..             j - amulet of invisibility {+Inv}
HPRegen  0.16/turn              e - ring of Qirchobre {Fire *Corrode rPois Str+6 SInv}
MPRegen  0.12/turn              (no ring)

@: corroded, gold aura, very slightly contaminated, invisible (expiring), very
quick
A: very small, no large weapons, unfitting armour, see invisible, speed 3
a: Renounce Religion, Evoke Invisibility, Potion Petition, Call Merchant, Bribe
Branch


You were in the Dungeon.
You worshipped Gozag.
Gozag was pleased with you.
You visited 1 branch You collected 1313 gold pieces.
You spent 588 gold pieces at shops.

Inventory:

Hand Weapons
 a - a +2 dagger
 n - the +6 spear of Forced Transition {vamp, rElec rC+ Int+2 SInv}
   (You found it in the Dungeon)

   It occasionally heals its wielder for a portion of the damage dealt when it
   wounds a living foe.
   Int:       It affects your intelligence (+2).
   rC:        It protects you from cold.
   rElec:     It insulates you from electricity.
   SInv:      It lets you see invisible.
 t - the +9 scimitar of Tarchaext (weapon) {venom, Str+4}
   (You bought it in a shop in the Dungeon)

   It poisons the flesh of those it strikes.
   Str:       It affects your strength (+4).
Missiles
 d - 8 poisoned darts (quivered)
Armour
 c - a +0 cloak (worn)
 g - a +0 buckler (worn)
 m - a +2 robe of willpower (worn)
Jewellery
 e - the ring of Qirchobre (left hand) {Fire *Corrode rPois Str+6 SInv}
   (You bought it in a shop in the Dungeon)

   [ring of fire]

   It enhances your fire magic.
   Str:       It affects your strength (+6).
   rF:        It protects you from fire.
   rC:        It makes you vulnerable to cold.
   rPois:     It protects you from poison.
   SInv:      It lets you see invisible.
   *Corrode:  It may corrode you when you take damage.
 j - the amulet of invisibility (around neck) {+Inv}
   (You found it in the Dungeon)

   [amulet of nothing]

   +Inv:      It lets you turn invisible.
Scrolls
 k - a scroll of blinking
 p - a scroll of vulnerability {unknown}
 q - a scroll of summoning {unknown}
 r - a scroll of identify {unknown}
 s - a scroll of silence {unknown}
Potions
 b - a potion of berserk rage
 f - a potion of curing
 h - a potion of haste
 i - 2 potions of magic
 l - 2 potions of mutation {unknown}
 o - 2 potions of degeneration {unknown}


   Skills:
 * Level 5.8 Fighting
 + Level 5.2(5.7) Short Blades
 + Level 2.5(3.6) Long Blades
 + Level 5.1 Throwing
 * Level 9.5 Dodging
 * Level 20.4 Stealth
 * Level 3.8 Shields
 * Level 9.1 Evocations


You had 8 spell levels left.
You didn't know any spells.
Your spell library was empty.

Dungeon Overview and Level Annotations

Branches:
Dungeon (1/1)

Altars:
Cheibriados
Dithmenos
Elyvilon
Gozag
Hepliaklqana
Kikubaaqudgha
Makhleb
Nemelex Xobeh
Okawaru
Qazlal
Ru
Sif Muna
Trog
Uskayaw
Vehumet
Wu Jian
Xom
Yredelemnul
Zin
The Shining One
Beogh
Jiyva
Lugonu

Shops:
D *(=[

Annotations:
D exclusions: oklob plant and oklob sapling


Innate Abilities, Weirdness & Mutations

You are very small and have problems with some larger weapons.
You are too small for most types of armour.
You have supernaturally acute eyesight. (SInv)
You cover ground extremely quickly. (Speed+++)


Message History

The burning bush is heavily damaged.
The burning bush throws fire at you. The puff of flame misses you.
You slash the burning bush!
The burning bush is severely damaged.
The burning bush throws fire at you. You block the puff of flame.
You slash the burning bush!
The burning bush is almost destroyed.
You slash the burning bush!
You destroy the burning bush!
Your Evocations skill increases to level 9!
You have reached level 9!
Your experience leads to an increase in your attributes!
Your base attributes are Str 7, Int 12, Dex 19.
Increase (S)trength, (I)ntelligence, or (D)exterity?
You feel agile.
The helpless oklob plant fails to defend itself.
You slash the oklob plant!
The oklob plant is lightly damaged.
You hit the oklob plant but do no damage.
The oklob plant is lightly damaged.
You slash the oklob plant!
The oklob plant is moderately damaged.
The oklob plant spits acid at you. The splash of acid hits you!
You are splashed with acid!
You slash the oklob plant!
The oklob plant is heavily damaged.
You flicker for a moment.
You hit the oklob plant.
The oklob plant is heavily damaged.
The oklob plant spits acid at you. The splash of acid hits you!
The acid corrodes you!
You are splashed with acid!
* * * LOW HITPOINT WARNING * * *
You strike the helpless wandering mushroom from behind!
You hit the wandering mushroom but do no damage.
The oklob plant spits acid at you. The splash of acid hits you!
You die...
Your body crumbles into a pile of gold.

#<[)P#....÷#.....#.⌠._._._._.
#P...'.....'.#.).'.._._._._._
#PPPP#.....#.#...#..._._._._.
###############'##.._._._._._
#...♣........'...#._._._._._.
#......♣.....#...############
#.....♣..♣..######
##'####'######P:+
#..#....'...@.f.#
#..#.[###$...P..# $$ #######
#########


You could see an oklob plant, a wandering mushroom (wandering) and an oklob
sapling (unaware).

Vanquished Creatures
  An oklob plant (D)
  A queen bee (D)
  2 wandering mushrooms (D)
  3 burning bushes (D)
  3 scorpions (D)
  4 killer bees (D)
  4 oklob saplings (D)
  2 spriggans (D)
  A river rat (D)
  A rat (D)
22 creatures vanquished.

Vanquished Creatures (others)
  A fungus (D)
1 creature vanquished.

Grand Total: 23 creatures vanquished

Notes
Turn   | Place    | Note
-------+----------+-------------------------------------------
     0 | D        | styxcanada the Spriggan Brigand began the quest for the
                  | Orb.
     0 | D        | Reached XP level 1. HP: 10/10 MP: 2/2
     9 | D        | Reached skill level 7 in Stealth
     9 | D        | Reached XP level 2. HP: 15/15 MP: 3/3
    17 | D        | Noticed an oklob sapling
    23 | D        | Killed an oklob sapling
    24 | D        | Reached skill level 10 in Stealth
    24 | D        | Reached XP level 3. HP: 19/19 MP: 4/4
    56 | D        | Noticed a scorpion
    56 | D        | Found the amulet of invisibility {+Inv}
    58 | D        | Killed a scorpion
    59 | D        | Reached skill level 12 in Stealth
    59 | D        | Reached XP level 4. HP: 23/23 MP: 5/5
    83 | D        | Found an opulent altar of Gozag.
    83 | D        | Found a hazy altar of Hepliaklqana.
    83 | D        | Found a burning altar of Makhleb.
    83 | D        | Found a sparkling altar of Nemelex Xobeh.
    83 | D        | Found a snail-covered altar of Cheibriados.
    83 | D        | Found a sacrificial altar of Ru.
    83 | D        | Found a shimmering blue altar of Sif Muna.
    83 | D        | Found a shimmering altar of Xom.
    83 | D        | Found a basalt altar of Yredelemnul.
    84 | D        | Found a viscous altar of Jiyva.
    84 | D        | Found a bloodstained altar of Trog.
    84 | D        | Found an ornate altar of the Wu Jian Council.
    85 | D        | Found an iron altar of Okawaru.
    85 | D        | Found a shadowy altar of Dithmenos.
    85 | D        | Found a glowing silver altar of Zin.
    86 | D        | Found an ancient bone altar of Kikubaaqudgha.
    86 | D        | Found a hide-covered altar of Uskayaw.
    87 | D        | Found a stormy altar of Qazlal.
    87 | D        | Found a white marble altar of Elyvilon.
    87 | D        | Found a glowing golden altar of the Shining One.
    88 | D        | Became a worshipper of Gozag Ym Sagoz the Greedy
    89 | D        | Found a corrupted altar of Lugonu.
    89 | D        | Found a radiant altar of Vehumet.
    93 | D        | Reached skill level 13 in Stealth
    93 | D        | Reached XP level 5. HP: 28/28 MP: 3/6
   140 | D        | Reached skill level 5 in Dodging
   140 | D        | Reached skill level 14 in Stealth
   140 | D        | Reached skill level 1 in Evocations
   317 | D        | Reached skill level 15 in Stealth
   317 | D        | Reached XP level 6. HP: 33/33 MP: 7/7
   463 | D        | Found Giotwah's Antique Weapon Shop.
   464 | D        | Found Tiuss's Assorted Antiques.
   469 | D        | Bought an ancient bone ring for 125 gold pieces
   469 | D        | Identified the ring of Qirchobre {Fire *Corrode rPois Str+6
                  | SInv} (You bought it in a shop in the Dungeon)
   469 | D        | Bought a large cabochon ring for 125 gold pieces
   469 | D        | Bought a black potion for 22 gold pieces
   469 | D        | Bought a scroll labelled ADEUZI CEOMUSEAFF for 25 gold
                  | pieces
   469 | D        | Bought a scroll labelled OFONETUKHLA for 25 gold pieces
   479 | D        | Noticed a burning bush
   479 | D        | Noticed a wandering mushroom
   480 | D        | Noticed a wandering mushroom
   483 | D        | Killed a burning bush
   484 | D        | Reached skill level 16 in Stealth
   484 | D        | Reached skill level 1 in Shields
   484 | D        | Killed a wandering mushroom
   485 | D        | Reached skill level 17 in Stealth
   485 | D        | Reached skill level 5 in Evocations
   485 | D        | Reached XP level 7. HP: 38/38 MP: 5/8
   487 | D        | Reached skill level 18 in Stealth
   507 | D        | Killed a wandering mushroom
   508 | D        | Reached skill level 5 in Short Blades
   535 | D        | Found Poureiw's Antique Armour Emporium.
   535 | D        | Found Hokal's Jewellery Shoppe.
   539 | D        | Identified the +6 spear of Forced Transition {vamp, rElec
                  | rC+ Int+2 SInv}
   600 | D        | Bought a scroll labelled QOIHUOBROMI for 25 gold pieces
   600 | D        | Bought a scroll labelled RIMUNI KARU for 25 gold pieces
   601 | D        | Bought an ancient scimitar for 216 gold pieces
   601 | D        | Identified the +9 scimitar of Tarchaext {venom, Str+4} (You
                  | bought it in a shop in the Dungeon)
   670 | D        | Noticed a queen bee
   685 | D        | Killed a queen bee
   686 | D        | Reached skill level 5 in Fighting
   686 | D        | Reached skill level 19 in Stealth
   686 | D        | Reached XP level 8. HP: 28/43 MP: 9/9
   687 | D        | Reached skill level 1 in Long Blades
   808 | D        | Noticed an oklob plant
   816 | D        | Killed an oklob plant
   817 | D        | Reached skill level 5 in Throwing
   948 | D        | Noticed a burning bush
   953 | D        | Killed a burning bush
   954 | D        | Reached skill level 20 in Stealth
  1010 | D        | Noticed a burning bush
  1010 | D        | Noticed an oklob plant
  1011 | D        | Noticed a wandering mushroom
  1015 | D        | Killed a burning bush
  1016 | D        | Reached XP level 9. HP: 48/48 MP: 7/10
  1025 | D        | Killed from afar by an oklob plant

Illustrated notes

Levels and vault maps discovered:
D:        dungeon_sprint_fedhas [sprint_temple]

Skill      XL: |  1  2  3  4  5  6  7  8 |
---------------+-------------------------+-----
Dodging        | 2 3 4 5 7 8 9 |  9.5
Stealth        | 7 10 12 13 15 17 19 20 | 20.4
Fighting       | 2 3 4 5 |  5.8
Short Blades   | 3 4 5 |  5.2
Evocations     | 2 5 6 9 |  9.1
Throwing       | 3 4 5 |  5.1
Shields        | 2 3 |  3.8
Long Blades    | 2 |  2.5

Action                   |  1- 3 |  4- 6 |  7- 9 || total
-------------------------+-------+-------+-------++-------
Melee: Dagger            |     7 |     5 |     9 ||    21
       Scimitar          |       |       |    29 ||    29
Throw: Dart              |       |    11 |     1 ||    12
 Abil: Evoke Invisibilit |       |     3 |     5 ||     8
  Use: Potion            |     1 |     1 |       ||     2
 Stab: Sleeping          |     3 |     4 |     6 ||    13
       Invisible         |       |       |     5 ||     5
Armor: Robe              |       |     1 |       ||     1
Dodge: Dodged            |       |     7 |    28 ||    35
Block: Buckler           |       |       |    11 ||    11
       Rpst.: Scimitar   |       |       |     4 ||     4
